 Dungeon Crawl Stone Soup version 0.29.1-debian-4-g95531337e3 (webtiles) character file.

Game seed: 9850314497174638825

17634 Colgate the Martial Artist (level 12, -3/94 HPs)
             Began as an Octopode Transmuter on Sept 13, 2022.
             Was an Elder of Hepliaklqana.
             Slain by a komodo dragon (6 damage)
             ... on level 4 of the Lair of Beasts.
             The game lasted 00:57:55 (19917 turns).

Colgate the Martial Artist (Octopode Transmuter)   Turns: 19917, Time: 00:57:56

Health: -3/94      AC:  7    Str: 10    XL:     12   Next: 50%
Magic:  6/15       EV: 11    Int: 25    God:    Hepliaklqana [****..]
Gold:   488        SH:  0    Dex: 13    Spells: 5/15 levels left

rFire   . . .      SeeInvis +     - Unarmed
rCold   + + +      Faith    .   (shield currently unavailable)
rNeg    . . .      Spirit   .   (helmet currently unavailable)
rPois   +          Reflect  .   (no amulet)
rElec   .          Harm     .   f - ring of protection from cold
rCorr   .          Rampage  .   m - ring of see invisible
Will    .....                   s - +6 ring of intelligence
Stlth   ++........              A - ring of protection from fire
HPRegen 0.25/turn               (no ring)
MPRegen 0.14/turn               (no ring)
                                (no ring)
                                (no ring)

@: ice-form, wereblooded, very slightly contaminated
A: freezing attack, boosted hp, reduced essence, almost no armour, amphibious, 8
rings, large, (camouflage 1), (gelatinous body 1), (nimble swimmer 1),
(tentacles)
a: End Transformation, Renounce Religion, Recall Ancestor, Ancestor Identity,
Transference, Idealise


You were on level 4 of the Lair of Beasts.
You worshipped Hepliaklqana.
Hepliaklqana was greatly pleased with you.
You were a creature of crystalline ice.
You visited 3 branches of the dungeon, and saw 14 of its levels.
You also visited: Ossuary.

You collected 700 gold pieces.
You spent 212 gold pieces at shops.

Inventory:

Armour
 a - a +0 hat (melded)
Jewellery
 f - a ring of protection from cold (left front paw)
 m - a ring of see invisible (right front paw)
 s - a +6 ring of intelligence (on tentacle)
 A - a ring of protection from fire (on tentacle)
Wands
 y - a wand of mindburst (23)
 B - a wand of paralysis (11)
 C - a wand of flame (22)
 D - a wand of acid (2) {@v1}
 E - a wand of polymorph (4)
 F - a wand of iceblast (5) {@v2}
Scrolls
 h - 3 scrolls of identify {@r1}
 i - 10 scrolls of teleportation {@r3}
 k - 3 scrolls of enchant armour
 n - 2 scrolls of silence
 o - a scroll of brand weapon
 q - 2 scrolls of fear
 r - a scroll of poison
 u - 3 scrolls of fog
 v - 2 scrolls of magic mapping {@r5}
 x - a scroll of blinking {@r4}
Potions
 b - 2 potions of brilliance
 c - a potion of attraction
 d - a potion of heal wounds {@q2}
 e - 2 potions of cancellation
 g - 6 potions of might {@q3}
 j - 10 potions of curing {@q1}
 l - 2 potions of haste {@q4}
 p - 3 potions of berserk rage
 t - a potion of mutation {unknown}
 w - 3 potions of magic {unknown}
 z - 3 potions of degeneration {unknown}


   Skills:
 + Level 10.3 Fighting
 - Level 5.1 Dodging
 - Level 2.0 Stealth
 - Level 14.0 Unarmed Combat
 - Level 2.0 Spellcasting
 - Level 7.0 Transmutations
 - Level 1.0 Poison Magic
 - Level 4.0 Invocations
 - Level 6.0 Evocations


You had 5 spell levels left.
You knew the following spells:

 Your Spells              Type           Power      Damage    Failure   Level
a - Beastly Appendage     Tmut           74%        N/A       1%          1
b - Wereblood             Tmut           37%        N/A       1%          2
c - Spider Form           Tmut/Pois      22%        N/A       6%          3
d - Ice Form              Ice/Tmut       20%        N/A       26%         4

Your spell library contained the following spells:

 Spells                   Type           Power      Damage    Failure   Level
 Blink                    Tloc           4%         N/A       17%         2
 Lesser Beckoning         Tloc           2%         N/A       32%         3
 Manifold Assault         Tloc           2%         N/A       73%         4


Dungeon Overview and Level Annotations

Branches:
Dungeon (9/15)             Temple (1/1) D:4            Lair (4/5) D:8
 Shoals (0/4) Lair:2        Snake (0/4) Lair:3      Ossuary (visited)
  Slime: Lair:4-5       Orc: D:9-12

Altars:
Ashenzari
Cheibriados
Elyvilon
Fedhas
Gozag
Hepliaklqana
Kikubaaqudgha
Nemelex Xobeh
Okawaru
Qazlal
Sif Muna
Trog
Uskayaw
Vehumet
Wu Jian
Xom
Zin
The Shining One

Shops:
D:2 [   D:5 (   D:8 (

Annotations:
D:6 2 transporters


Innate Abilities, Weirdness & Mutations

You are a creature of crystalline ice.
You have a powerful freezing melee attack.
Your maximum health is increased.
Your armour is entirely melded.
You are incapable of wielding weapons or throwing items.
Your life essence is reduced to manifest your ancestor. (-10% HP)
You cannot wear most types of armour.
You are amphibious.
You can wear up to eight rings at the same time.
((Your skin changes colour to match your surroundings (Stealth+).))
((Your rubbery body absorbs attacks. (AC +1, EV +1)))
((You are camouflaged when in or above water. (Stealth+)))
((You have tentacles for arms and can constrict up to eight enemies at once.))


Message History

Aiming: Corrosive Bolt
Aim: an eight-headed hydra (moderately wounded, 91% to hit)
The bolt of acid hits the eight-headed hydra!!
The acid corrodes the eight-headed hydra!
The komodo dragon bites you!
The eight-headed hydra barely misses you. x2
The eight-headed hydra closely misses you.
The eight-headed hydra misses you.
The eight-headed hydra barely misses you.
The eight-headed hydra bites you but does no damage.
The eight-headed hydra closely misses you.
The eight-headed hydra barely misses you.
Aiming: Corrosive Bolt
Aim: an eight-headed hydra (heavily wounded, covered in acid, 91% to hit)
The bolt of acid hits the eight-headed hydra!
The komodo dragon bites you!!
* * * LOW HITPOINT WARNING * * *
The eight-headed hydra bites you.
* * * LOW HITPOINT WARNING * * *
The eight-headed hydra completely misses you.
The eight-headed hydra bites you.
* * * LOW HITPOINT WARNING * * *
The eight-headed hydra bites you.
* * * LOW HITPOINT WARNING * * *
The eight-headed hydra completely misses you.
The eight-headed hydra barely misses you.
The eight-headed hydra closely misses you.
The eight-headed hydra bites you but does no damage.
Okay, then.
Unknown command.
Okay, then.
Okay, then.
Okay, then.
You hit the eight-headed hydra.
The eight-headed hydra seems to slow down.
You freeze the eight-headed hydra. You punch the eight-headed hydra!
The eight-headed hydra seems to slow down.
You freeze the eight-headed hydra. The komodo dragon bites you.
You die...

##### .... #...##....
.......... ........#
....... ###.... ##.#lD#
#.#.Y# #...##
###..##### #......#.##
###### .
#.#.......###....# ..#
#..#.......##....#P....
#..[......#.#..<..PP#
#.#....................
###P.#...............#.


You could see an eight-headed hydra (slow, corroded) and a komodo dragon.

Vanquished Creatures
  Gastronok (Lair:2)
  A hydra (Lair:3)
  A catoblepas (Lair:3)
  7 elephants
  A black mamba (Lair:2)
  A cane toad (Lair:1)
  A polar bear (Lair:4)
  Grinder (D:5)
  5 blink frogs
  A wraith (Ossuary)
  Sigmund (D:4)
  15 yaks
  A basilisk (Lair:2)
  3 nagas (Lair:3)
  3 water moccasins
  An ice beast (D:7)
  2 black bears
  A sky beast (D:5)
  9 wolves
  2 centaurs
  9 bullfrogs
  3 wights (D:6)
  4 killer bees (D:8)
  2 howler monkeys (D:8)
  An electric eel (Lair:2)
  A hound (D:4)
  3 jellies
  4 orc priests
  An iguana (D:7)
  2 orc wizards (D:7)
  A mummy (Ossuary)
  4 adders
  3 white imps (D:7)
  4 worms
  A dart slug (D:1)
  14 orcs
  3 endoplasms
  2 giant cockroaches
  6 goblins
  5 hobgoblins
  4 jackals (D:4)
  4 kobolds
  4 quokkas
  7 ball pythons
  4 bats
  4 frilled lizards
  8 gnoll skeletons (Ossuary)
  3 kobold skeletons (Ossuary)
  11 orc skeletons (Ossuary)
  5 rats
185 creatures vanquished.

Vanquished Creatures (collateral kills)
  A hydra (Lair:1)
  4 elephants
  A black mamba (Lair:2)
  A cane toad (Lair:1)
  2 blink frogs (Lair:2)
  5 yaks
  2 nagas (Lair:3)
  4 wolves
  3 centaurs
  2 phantoms (D:6)
  A kobold brigand (D:8)
  2 bullfrogs (Lair:3)
  2 scorpions
  A wight (D:6)
  2 killer bees (D:8)
  2 hounds (D:5)
  An iguana (D:6)
  A worm (D:5)
  An orc (D:6)
  2 gnoll skeletons (Ossuary)
  2 kobolds (D:8)
  A kobold skeleton (Ossuary)
43 creatures vanquished.

Vanquished Creatures (others)
  3 hexers
  2 ancestors
  9 fungi
  44 plants
58 creatures vanquished.

Grand Total: 286 creatures vanquished

Notes
Turn   | Place    | Note
-------+----------+-------------------------------------------
     0 | D:1      | Colgate the Octopode Transmuter began the quest for the
                  | Orb.
     0 | D:1      | Reached XP level 1. HP: 13/13 MP: 3/3
    83 | D:1      | Reached skill level 1 in Stealth
   142 | D:1      | Reached XP level 2. HP: 18/18 MP: 5/5
   151 | D:1      | Learned a level 2 spell: Wereblood
   728 | D:2      | Found Ihageuv's Antique Armour Emporium.
   810 | D:2      | Reached XP level 3. HP: 23/23 MP: 6/6
   819 | D:2      | Learned a level 3 spell: Spider Form
  1416 | D:3      | Reached skill level 1 in Poison Magic
  1489 | D:3      | Found a faded altar of an unknown god.
  1644 | D:3      | Found a hazy altar of Hepliaklqana.
  1655 | D:3      | Became a worshipper of Hepliaklqana the Forgotten
  1842 | D:3      | You fall into a shaft and drop 3 floors!
  1844 | D:5      | Entered Level 5 of the Dungeon
  1844 | D:5      | Found Seegoec's Antique Weapon Boutique.
  2177 | D:3      | Reached XP level 4. HP: 28/28 MP: 7/7
  2192 | D:3      | Found a snail-covered altar of Cheibriados.
  2639 | D:3      | Reached skill level 4 in Unarmed Combat
  3211 | D:4      | Found a staircase to the Ecumenical Temple.
  3226 | Temple   | Entered the Ecumenical Temple
  3427 | D:4      | Reached XP level 5. HP: 25/34 MP: 4/8
  4013 | D:4      | Noticed Sigmund
  4421 | D:5      | Noticed Grinder
  4456 | D:4      | Reached XP level 6. HP: 42/42 MP: 9/9
  4566 | D:5      | Reached * piety under Hepliaklqana
  4652 | D:5      | Reached skill level 5 in Unarmed Combat
  5047 | D:3      | Found a faded altar of an unknown god.
  5193 | D:3      | Found a snail-covered altar of Cheibriados.
  5299 | D:3      | Found a hazy altar of Hepliaklqana.
  5552 | D:5      | Killed Grinder
  5553 | D:5      | Reached skill level 6 in Unarmed Combat
  5553 | D:5      | Reached XP level 7. HP: 12/46 MP: 6/10
  5559 | D:5      | Learned a level 4 spell: Ice Form
  6360 | D:5      | Reached skill level 5 in Transmutations
  7065 | D:6      | Reached XP level 8. HP: 30/46 MP: 11/11
  7414 | D:6      | Found a transporter.
  7414 | D:6      | Noticed a yak
  7422 | D:6      | Killed a yak
  7496 | D:6      | Noticed a kobold demonologist
  7498 | D:6      | Noticed a yak
  7507 | D:6      | Noticed a fire crab
  7511 | D:6      | Found a transporter.
  7707 | D:6      | Reached ** piety under Hepliaklqana
  7708 | D:6      | Remembered your ancestor Titus as a hexer
  8015 | D:6      | Reached skill level 7 in Unarmed Combat
  8576 | D:6      | Reached skill level 5 in Fighting
  8713 | D:6      | Noticed a yak
  9151 | D:7      | Reached XP level 9. HP: 54/54 MP: 7/12
  9866 | D:7      | Reached *** piety under Hepliaklqana
 10336 | D:8      | Found Saih's Antique Weapon Shop.
 10357 | D:8      | Reached skill level 8 in Unarmed Combat
 10660 | D:8      | Found a sand-covered staircase.
 10665 | Ossuary  | Entered an ossuary
 11270 | D:8      | Reached skill level 9 in Unarmed Combat
 11276 | D:8      | Reached skill level 1 in Evocations
 11541 | D:8      | Found a staircase to the Lair.
 11580 | D:8      | Reached skill level 1 in Invocations
 12743 | D:8      | Bought an ichor-stained war axe for 212 gold pieces
 12743 | D:8      | Identified the +8 war axe "Jinir" {pain, rCorr Dex+4
                  | Stlth-} (You bought it in a shop on level 8 of the Dungeon)
 12830 | D:6      | Found a transporter.
 13196 | D:6      | Found a transporter.
 13732 | D:4      | Killed Sigmund
 13733 | D:4      | Reached XP level 10. HP: 61/61 MP: 0/13
 13903 | D:9      | Noticed a centaur warrior
 14303 | Lair:1   | Entered Level 1 of the Lair of Beasts
 14303 | Lair:1   | Noticed a cane toad
 14305 | Lair:1   | Killed a cane toad
 14421 | Lair:1   | Reached skill level 10 in Unarmed Combat
 14431 | Lair:1   | HP: 3/73 [yak (8)]
 14446 | Lair:1   | Reached skill level 11 in Unarmed Combat
 15102 | Lair:1   | Noticed a cane toad
 15115 | Lair:1   | Killed a cane toad
 15288 | Lair:2   | Noticed an elephant
 15288 | Lair:2   | Noticed an elephant
 15288 | Lair:2   | Noticed an elephant
 15288 | Lair:2   | Noticed an elephant
 15288 | Lair:2   | Noticed an elephant
 15289 | Lair:2   | Noticed a six-headed hydra
 15295 | Lair:1   | Killed an elephant
 15296 | Lair:1   | Reached XP level 11. HP: 70/70 MP: 14/14
 15361 | Lair:1   | Killed a six-headed hydra
 15880 | Lair:2   | Noticed Gastronok
 16392 | Lair:2   | Killed Gastronok
 16481 | Lair:2   | Reached skill level 12 in Unarmed Combat
 17084 | Lair:2   | Reached skill level 13 in Unarmed Combat
 17239 | Lair:2   | Found a staircase to the Shoals.
 17252 | Lair:2   | Reached skill level 5 in Evocations
 17415 | Lair:2   | Reached XP level 12. HP: 68/76 MP: 8/15
 17761 | Lair:2   | Learned a level 1 spell: Beastly Appendage
 17973 | Lair:3   | Noticed a six-headed hydra
 17978 | Lair:3   | Killed a six-headed hydra
 18149 | Lair:3   | Noticed a catoblepas
 18162 | Lair:3   | Killed a catoblepas
 18346 | Lair:3   | Reached **** piety under Hepliaklqana
 18487 | Lair:3   | Found a staircase to the Snake Pit.
 18501 | Lair:3   | Reached skill level 14 in Unarmed Combat
 18502 | Lair:3   | HP: 3/76 [naga/splash of poison (8)]
 19247 | Lair:3   | Reached skill level 5 in Dodging
 19370 | Lair:3   | Reached skill level 10 in Fighting
 19902 | Lair:4   | Noticed an eight-headed hydra
 19915 | Lair:4   | HP: 3/94 [eight-headed hydra (3)]
 19917 | Lair:4   | Slain by a komodo dragon

Illustrated notes

Levels and vault maps discovered:
D:1:      wander_arrival_chamber, layout_basic
D:2:      layout_rooms, serial_shops, nicolae_square_shop
D:3:      layout_loops_ring, old_standard_altar, lemuel_doored_altar,
          basic_ecumenical_altar, amcnicky_mini_pool_small
D:4:      layout_cave_pools, minmay_temple_entry_junction, uniq_sigmund
D:5:      layout_layer_cave, serial_shops, nicolae_stop_n_shop_1, uniq_grinder
D:6:      gammafunk_wand_slinger, layout_basic, ebering_dispersal_statue_hall
D:7:      layout_loops_ring, dk_noncrumbling_3
D:8:      layout_gridville, lair_entry_dummy, serial_shops,
          nicolae_shop_window_shopping, enter_ossuary_5
D:9:      layout_cave_pools, grunt_temple_overflow_cloverleaf,
          minmay_misc_feat_secret_circle, uniq_grum
Temple:   regret_index_temple_sphere_string
Lair:1:   layout_hall_layers
Lair:2:   layout_hall_layers, minmay_shoals_entry_centaurs, serial_bayou_ford_a,
          uniq_gastronok
Lair:3:   layout_loops_ring, minmay_snake_entry_guardpost_large,
          serial_bayou_shore_b
Lair:4:   layout_misc_corridors, minmay_slime_entry_oklob_enclosed

Skill      XL: |  1  2  3  4  5  6  7  8  9 10 11 12 |
---------------+-------------------------------------+-----
Stealth        | 2 |  2.0
Transmutations | 3 5 7 |  7.0
Poison Magic   | 1 |  1.0
Unarmed Combat | 4 6 7 9 11 13 14 | 14.0
Fighting       | 2 3 5 6 8 9 10 | 10.3
Evocations     | 4 6 |  6.0
Invocations    | 4 |  4.0
Dodging        | 3 4 5 |  5.1
Spellcasting   | |  2.0

Action                   |  1- 3 |  4- 6 |  7- 9 | 10-12 || total
-------------------------+-------+-------+-------+-------++-------
Melee: Unarmed           |    93 |    96 |   170 |   183 ||   542
       Constrict         |    17 |     5 |     1 |       ||    23
       Tentacles         |    16 |     5 |     3 |       ||    24
       Kick              |     3 |       |       |       ||     3
       Punch             |     2 |     2 |       |       ||     4
 Cast: Beastly Appendage |     4 |       |       |       ||     4
       Wereblood         |     1 |     2 |     6 |     7 ||    16
       Spider Form       |    11 |    18 |     9 |       ||    38
       Ice Form          |       |       |    54 |    54 ||   108
Invok: Ancestor Life: He |       |       |     1 |       ||     1
       Transference      |       |       |       |     1 ||     1
       Recall Ancestor   |       |       |       |     3 ||     3
 Abil: End Transformatio |       |       |     4 |     2 ||     6
Evoke: Wand              |       |       |       |     7 ||     7
  Use: Scroll            |     5 |     1 |    13 |     1 ||    20
       Potion            |       |     1 |       |     5 ||     6
 Stab: Sleeping          |    13 |     1 |       |     2 ||    16
       Confused          |       |       |     4 |     3 ||     7
       Distracted        |       |       |     2 |     2 ||     4
Armor: Skin              |     9 |     8 |    49 |    62 ||   128
Dodge: Dodged            |    45 |    63 |    87 |   126 ||   321
